 Dungeon Crawl Stone Soup version 0.18.1-6-gd335043 (webtiles) character file.

4214 deorigin the Fencer (level 10, -3/83 HPs)
             Began as a Minotaur Berserker on May 17, 2016.
             Was a High Priest of Trog.
             Killed by divine providence
             ... invoked by an orc priest
              (16 damage)
             ... on level 8 of the Dungeon.
             The game lasted 00:18:33 (7009 turns).

deorigin the Fencer (Minotaur Berserker)            Turns: 7009, Time: 00:18:34

Health: -3/83      AC: 14    Str: 24    XL:     10   Next: 9%
Magic:  9/9        EV:  9    Int:  4    God:    Trog [*****.]
Gold:   220        SH:  4    Dex: 13    Spells: 0 memorised, 9 levels left

rFire  + . .     SeeInvis .     a - +1 falchion
rCold  . . .     Gourm    .     I - +0 chain mail
rNeg   . . .     Faith    .     (no shield)
rPois  .         Spirit   .     Y - +1 hat
rElec  .         Dismiss  .     B - +1 cloak
rCorr  .         Reflect  +     S - +0 pair of gloves
SustAt .         Harm     .     (no boots)
MR     .....                    r - +4 amulet of reflection
Stlth  ..........               H - ring of protection from fire
                                C - +2 ring of strength

@: not resistant to hostile enchantments, extremely unstealthy
A: retaliatory headbutt, horns 2
a: Berserk, Trog's Hand, Brothers in Arms, Burn Spellbooks, Renounce Religion


You were on level 8 of the Dungeon.
You worshipped Trog.
Trog was extremely pleased with you.
You were not hungry.

You visited 1 branch of the dungeon, and saw 8 of its levels.

You collected 220 gold pieces.

Inventory:

Hand Weapons
 a - a +1 falchion (weapon)
 y - a +0 flail
 E - a +0 dire flail
 X - a +0 club
 Z - a +0 morningstar
Missiles
 s - 34 poisoned needles
 u - 6 poisoned tomahawks
 w - 18 tomahawks (quivered)
 D - 4 javelins
Armour
 b - a +0 animal skin
 e - a +0 ring mail
 B - a +1 cloak (worn)
 I - a +0 chain mail (worn)
 S - a +0 pair of gloves (worn)
 Y - a +1 hat (worn)
Jewellery
 j - an uncursed amulet of harm
 r - a +4 amulet of reflection (around neck)
 z - a cursed ring of loudness {unknown}
 C - a +2 ring of strength (left hand)
 H - a ring of protection from fire (right hand)
Wands
 l - a wand of disintegration (15/24)
 p - a wand of paralysis (10/24)
 A - a wand of slowing (35/48)
 K - a wand of polymorph (20/24)
 Q - a wand of random effects (28/48)
 T - a wand of acid (4/15)
 U - a wand of iceblast (5/15)
Scrolls
 d - a scroll of fear
 f - 3 scrolls of magic mapping
 g - a scroll of enchant weapon
 h - a scroll of remove curse
 q - 4 scrolls of recharging {unknown}
 F - 3 scrolls of teleportation {unknown}
 O - 2 scrolls of blinking
Potions
 m - 2 potions of haste
 n - 3 potions of lignification
 o - 4 potions of curing
 t - a potion of heal wounds
 G - a potion of invisibility
 M - 2 potions of ambrosia
 W - 3 potions of might
Books
 v - a book of Battle

   Spells                             Type                      Level
   a - Infusion                       Charms                       1
   b - Shroud of Golubria             Charms/Translocation         2
   c - Song of Slaying                Charms                       2
   d - Spectral Weapon                Hexes/Charms                 3
   e - Regeneration                   Charms/Necromancy            3
   Trog disapproves of the use of such an item.
 N - a book of Frost

   Spells                             Type                      Level
   a - Freeze                         Ice                          1
   b - Throw Frost                    Conjuration/Ice              2
   c - Ozocubu's Armour               Charms/Ice                   3
   d - Throw Icicle                   Conjuration/Ice              4
   e - Summon Ice Beast               Ice/Summoning                4
   Trog disapproves of the use of such an item.
 R - a book of Flames

   Spells                             Type                      Level
   a - Flame Tongue                   Conjuration/Fire             1
   b - Throw Flame                    Conjuration/Fire             2
   c - Conjure Flame                  Conjuration/Fire             3
   d - Inner Flame                    Hexes/Fire                   3
   e - Sticky Flame                   Conjuration/Fire             4
   f - Fireball                       Conjuration/Fire             5
   Trog disapproves of the use of such an item.
Comestibles
 c - 6 bread rations
 i - a royal jelly
 x - 4 meat rations


   Skills:
 + Level 5.7 Fighting
 + Level 15.2 Long Blades
 + Level 6.0 Armour
 + Level 2.9 Dodging


You had 9 spell levels left.
You didn't know any spells.

Dungeon Overview and Level Annotations

Branches:
Dungeon (8/15)             Temple (0/1) D:7
   Lair: D:8-11

Altars:
Cheibriados
Fedhas
Gozag
Okawaru
Pakellas
Qazlal
Xom
Zin
The Shining One

Shops:
D:4 *


Innate Abilities, Weirdness & Mutations

You reflexively headbutt those who attack you in melee.
You have a pair of horns on your head.


Message History

Your headbutt misses the orc priest. The orc priest closely misses you.
You furiously retaliate!
You headbutt the orc priest! You block the orc's attack.
You barely miss the orc priest.
The orc priest is heavily wounded.
You barely miss the orc priest.
The orc priest is heavily wounded.
The orc priest miscasts a cantrip.
The orc hits you with a flail.
* * * LOW HITPOINT WARNING * * *
You hit the orc priest. You headbutt the orc priest.
You kill the orc priest!
Trog accepts your kill.
The orc priest invokes the aid of Beogh against you.
Beogh smites you!
* * * LOW HITPOINT WARNING * * *
The orc hits you but does no damage.
The orc priest invokes the aid of Beogh against you.
Beogh smites you!
You die...

#.......# #.#.#?###..#
#####'### #.#.#...#..#
######.# #.#.#...#..#
.....#.#######.#.#.#.#..#
....................<>..#
####.#.#######.#.#.#.####
#.#... #.#)#.#...#
#.#.### #.#)#)###.#
####.####### #oo@#.# #.#
...)........ ###o#.# #.#
#####..#...# #o#.# #.#
######.# # #o#.# #.#
.......# #o#.# #.#
######.. #.#.# #.# #####
.. #.#.# #.# ....# ..
#.#.# #.# )...# ...
#.#.###.##


You could see an orc priest and 5 orcs.

Vanquished Creatures
  The ghost of mistymad the Cleaver, a novice MiBe of Trog (D:5)
  Psyche (D:8)
  A troll (D:8)
  Sigmund (D:3)
  A hippogriff (D:7)
  Edmund (D:4)
  Duvessa (D:6)
  3 ice beasts
  A black bear (D:7)
  2 orc warriors (D:7)
  A phantom (D:7)
  2 ogres
  A centaur (D:6)
  5 giant frogs
  Dowan (D:6)
  A scorpion (D:6)
  5 killer bees (D:8)
  A howler monkey (D:5)
  A crimson imp (D:3)
  6 orc priests
  A centaur zombie (D:6)
  4 hounds
  2 jellies
  A giant frog skeleton (D:4)
  8 orc wizards
  2 iguanas
  5 worker ants
  2 hound skeletons
  A gnoll (D:5)
  12 adders
  A shadow imp (D:7)
  3 oozes
  3 worms
  2 dart slugs
  8 giant geckos
  32 orcs
  5 bats
  6 giant cockroaches
  5 hobgoblins
  8 jackals
  7 quokkas
  A ball python skeleton (D:5)
  3 giant newts
  8 goblins
  9 kobolds
  8 rats
184 creatures vanquished.

Notes
Turn   | Place    | Note
--------------------------------------------------------------
     0 | D:1      | deorigin the Minotaur Berserker began the quest for the Orb.
     0 | D:1      | Reached XP level 1. HP: 19/19 MP: 0/0
    42 | D:1      | Reached skill level 4 in Long Blades
    96 | D:1      | Reached XP level 2. HP: 9/26 MP: 1/1
   583 | D:1      | Reached skill level 5 in Long Blades
   855 | D:1      | Reached ** piety under Trog
   855 | D:1      | Reached XP level 3. HP: 31/31 MP: 2/2
   859 | D:1      | Noticed an ogre
   865 | D:1      | Killed an ogre
   865 | D:1      | Reached skill level 6 in Long Blades
   865 | D:1      | Reached XP level 4. HP: 39/39 MP: 3/3
  1217 | D:2      | Reached skill level 7 in Long Blades
  1217 | D:2      | Reached XP level 5. HP: 34/45 MP: 4/4
  1857 | D:3      | Reached skill level 8 in Long Blades
  2149 | D:3      | Reached XP level 6. HP: 47/51 MP: 5/5
  2221 | D:3      | Reached *** piety under Trog
  2226 | D:3      | Noticed Sigmund
  2237 | D:3      | Killed Sigmund
  2237 | D:3      | Reached skill level 9 in Long Blades
  2319 | D:3      | Reached XP level 7. HP: 55/57 MP: 6/6
  2551 | D:3      | Found a shimmering altar of Xom.
  2582 | D:3      | Received a gift from Trog
  2864 | D:4      | Reached skill level 10 in Long Blades
  2911 | D:4      | Found Zin's Purification Station.
  2918 | D:4      | Found a glowing silver altar of Zin.
  3128 | D:4      | Noticed Edmund
  3149 | D:4      | Killed Edmund
  3149 | D:4      | Reached skill level 11 in Long Blades
  3421 | D:4      | Reached XP level 8. HP: 26/64 MP: 7/7
  4072 | D:5      | Entered Level 5 of the Dungeon
  4102 | D:5      | Reached skill level 12 in Long Blades
  4126 | D:5      | Reached **** piety under Trog
  4522 | D:5      | Found an opulent altar of Gozag.
  4523 | D:5      | Noticed mistymad's ghost (novice MiBe)
  4555 | D:5      | Killed mistymad's ghost
  4555 | D:5      | Reached skill level 13 in Long Blades
  4756 | D:5      | Found a stormy altar of Qazlal.
  4757 | D:5      | Found an iron altar of Okawaru.
  4845 | D:5      | Found a snail-covered altar of Cheibriados.
  5105 | D:6      | Reached XP level 9. HP: 33/70 MP: 8/8
  5342 | D:6      | Noticed Duvessa
  5343 | D:6      | Noticed Dowan
  5357 | D:6      | Killed Duvessa
  5364 | D:6      | Killed Dowan
  5364 | D:6      | Reached skill level 14 in Long Blades
  5388 | D:6      | Found a blossoming altar of Fedhas.
  5454 | D:6      | Found a glowing golden altar of the Shining One.
  5462 | D:6      | Found an oddly glowing altar of Pakellas.
  5739 | D:7      | Found a staircase to the Ecumenical Temple.
  6509 | D:8      | Reached skill level 15 in Long Blades
  6557 | D:8      | Noticed Psyche
  6570 | D:8      | Reached skill level 5 in Fighting
  6573 | D:8      | Noticed a troll
  6588 | D:8      | Killed a troll
  6588 | D:8      | Reached skill level 5 in Armour
  6955 | D:8      | Killed Psyche
  6955 | D:8      | Reached XP level 10. HP: 82/82 MP: 9/9
  6962 | D:8      | Reached ***** piety under Trog
  6997 | D:8      | HP: 2/82 [orc priest/nerve-wracking pain (14)]
  7009 | D:8      | Killed from afar by an orc priest

Skill      XL: |  1  2  3  4  5  6  7  8  9 10 |
---------------+-------------------------------+-----
Long Blades    | 4 5 6 7 8 9 11 13 15 | 15.2
Armour         | 5 6 |  6.0
Fighting       | 5 |  5.7
Dodging        | |  2.9

Action                   |  1- 3 |  4- 6 |  7- 9 | 10-12 || total
-------------------------+-------+-------+-------+-------++-------
Melee: Falchion          |    56 |   144 |   370 |    19 ||   589
       Headbutt          |     6 |    24 |    94 |     6 ||   130
Invok: Berserk           |     1 |       |     2 |       ||     3
       Trog's Hand       |       |     1 |     1 |       ||     2
  Use: Scroll            |       |       |    16 |       ||    16
       Potion            |       |       |     1 |     3 ||     4
  Eat: Chunk             |       |     6 |    15 |       ||    21
       Beef jerky        |       |       |       |     1 ||     1
Armor: Animal skin       |     4 |       |       |       ||     4
       Ring mail         |    19 |    48 |    14 |       ||    81
       Chain mail        |       |       |    99 |    22 ||   121
Dodge: Dodged            |    35 |    73 |   136 |     8 ||   252
Block: Other             |       |       |    24 |     5 ||    29
       Reflection        |       |       |       |     1 ||     1
